 Dungeon Crawl Stone Soup version 0.32-a0-968-g61e5eb5241 (webtiles) character file.

Game seed: 299238159077231867

18 Jinxx the Apothecary (level 2, -3/20 HPs)
             Began as a Demonspawn Alchemist on Apr 18, 2024.
             Slain by an iguana (10 damage)
             ... on level 2 of the Dungeon.
             The game lasted 00:03:26 (1073 turns).

Jinxx the Apothecary (Demonspawn Alchemist)         Turns: 1073, Time: 00:03:27

Health: -3/20      AC:  2    Str:  8    XL:     2   Next: 48%
Magic:  4/5        EV: 11    Int: 15    God:
Gold:   45         SH:  0    Dex: 13    Spells: 4/5 levels left

rFire   . . .        i - +2 long sword (freeze)
rCold   . . .        (no shield)
rNeg    . . .        a - +0 robe
rPois   .            (no helmet)
rElec   .            (no cloak)
rCorr   .            (no gloves)
SInv    .            (no boots)
Will    .....        (no amulet)
Stlth   ++           (no ring)
HPRegen 0.23/turn    (no ring)
MPRegen 0.09/turn

%: no passive effects
@: no status effects
A: claws 1
a: no special abilities


You were on level 2 of the Dungeon.
You visited 1 branch of the dungeon, and saw 2 of its levels.

You collected 45 gold pieces.

Inventory:

Hand Weapons
 d - a +0 club
 i - a +2 long sword of freezing (weapon)
Missiles
 g - 9 stones
Armour
 a - a +0 robe (worn)
Magical Staves
 k - a staff of air
Scrolls
 c - a scroll of fog {unknown}
 e - a scroll of teleportation {unknown}
 f - a scroll of blinking {unknown}
 m - a scroll of identify {unknown}
Potions
 b - 2 potions of magic
 h - a potion of enlightenment {unknown}
 j - 2 potions of curing {unknown}
 l - a potion of resistance {unknown}


   Skills:
 * Level 0.4 Fighting
 * Level 0.4 Long Blades
 * Level 0.5 Armour
 * Level 2.0 Dodging
 * Level 1.9 Stealth
 * Level 2.1 Spellcasting
 * Level 1.1 Conjurations
 * Level 3.0 Alchemy


You had 4 spell levels left.
You knew the following spells:

 Your Spells              Type           Power      Damage    Failure   Level
a - Sting                 Conj/Alch      28%        1d4       10%         1

Your spell library contained the following spells:

 Spells                   Type           Power      Damage    Failure   Level
 Mercury Vapours          Alch/Air       12%        N/A       19%         2
 Mephitic Cloud           Conj/Alch/Air  5%         N/A       36%         3
 Olgreb's Toxic Radiance  Alch           10%        N/A       52%         4
 Summon Ice Beast         Ice/Summ       1%         N/A       54%         3
 Sticky Flame             Fire/Alch      6%         2d4       75%         4
 Summon Mana Viper        Hex/Summ       1%         N/A       99%         5
 Monstrous Menagerie      Summ           0%         N/A       100%        7


Dungeon Overview and Level Annotations

Branches:
Dungeon (2/15)

Altars:


Innate Abilities, Weirdness & Mutations

You have sharp fingernails.


Message History

The endoplasm quivers.
There is an open door here.
The quokka misses you. The goblin barely misses you. x2
The goblin attacks as it pursues you! The goblin barely misses you.
There is an open door here.
You closely miss the quokka. The quokka bites you.
The quokka completely misses you.
You miss the quokka. The quokka closely misses you.
The quokka barely misses you.
Aiming: Sting (safe; 10% risk of failure)
Press: ? - help, Q - select action, (/) - cycle Shift-Dir - straight line, f - quokka
Aim: a quokka (56% to hit)
The sting hits the quokka.
The quokka is poisoned.
The quokka is moderately wounded.
The quokka closely misses you.
You miss the quokka.
The quokka is heavily wounded.
The quokka barely misses you.
You closely miss the quokka.
The quokka is severely wounded.
The quokka bites you.
The quokka bites you but does no damage.
You hit the quokka. You freeze the quokka.
You kill the quokka!
The endoplasm jiggles.
The iguana bites you.
Aiming: Sting (safe; 10% risk of failure)
Press: ? - help, Q - select action, (/) - cycle Shift-Dir - straight line, f - iguana
Aim: an iguana (72% to hit)
The sting hits the iguana but does no damage.
The iguana is poisoned.
The iguana bites you!
Ouch! That really hurt!
* * * LOW HITPOINT WARNING * * *
You see here a +0 club.
The iguana attacks as it pursues you! The iguana barely misses you.
The iguana looks more healthy.
The iguana attacks as it pursues you! The iguana bites you!
Ouch! That really hurt!
You die...

##### ######### ######
#....
#.......#######....####.###
+.......#.....'....'.......
#.......####.##....####.#..
#.......# #.##....# #.#.#
#.......####.##....# #.#.#
#......J.l@..##....# #.#..
#####.#g#####..##....#
#.### #<#
#.#..####..##....# #.#
#.###..........##....# #.#
#.)....##'##....#. #.#
##...####.g.####...## #.###
#..###..#...#..###..# #....
#.##.#..#...#..# #.# #.###
#.'†.#..#...#..# +.######.#


You could see an iguana, an endoplasm and a goblin.

Vanquished Creatures
  3 endoplasms
  3 goblins
  A jackal (D:2)
  A quokka (D:2)
  2 bats (D:1)
  2 frilled lizards (D:1)
  2 kobolds
  3 rats (D:2)
17 creatures vanquished.

Notes
Turn   | Place    | Note
-------+----------+-------------------------------------------
     0 | D:1      | Jinxx the Demonspawn Alchemist began the quest for the Orb.
     0 | D:1      | Reached XP level 1. HP: 13/13 MP: 3/3
   596 | D:1      | Gained mutation: You have sharp fingernails. [demonic
                  | ancestry]
   596 | D:1      | Reached XP level 2. HP: 19/19 MP: 5/5
  1073 | D:2      | Slain by an iguana

Illustrated notes

Levels and vault maps discovered:
D:1:      dpeg_arrival_refuge, layout_basic, dreamdust_princess_corridor,
          corexii_leaking_fountain
D:2:      minmay_chambers_of_twos, layout_basic, minmay_divided_ellipse,
          uniq_crazy_yiuf_cottage

Skill      XL: |  1  2 |
---------------+-------+-----
Dodging        | 2 |  2.0
Fighting       | |  0.4
Long Blades    | |  0.4
Armour         | |  0.5
Stealth        | |  1.9
Spellcasting   | |  2.1
Conjurations   | |  1.1
Alchemy        | |  3.0

Action                     || total
---------------------------++-------
  Melee: Long sword        ||    34
   Cast: Sting             ||     6
   Stab: Sleeping          ||     1
 Armour: Robe              ||    31
  Dodge: Dodged            ||    22

Table legend: (Time is in decaauts)
 A = Elapsed time spent in this place.
 B = Non-inter-level travel time spent in this place.
 C = Inter-level travel time spent in this place.
 D = Time resting spent in this place.
 E = Time spent auto-exploring this place.
 F = Levels seen in this place.
 G = Mean time per level.
                   A        B        C        D        E       F      G
               +--------+--------+--------+--------+--------+-----+--------+
         Total |   1085 |   1053 |     32 |     34 |    851 |   2 |  542.5 |
       Dungeon |   1085 |   1053 |     32 |     34 |    851 |   2 |  542.5 |
               +--------+--------+--------+--------+--------+-----+--------+

Top non-repeatable levels by time:
     D:1: 877 daAuts
     D:2: 207 daAuts
